 Dungeon Crawl Stone Soup version 0.31-a0-325-g067879e3d3 (webtiles) character file.

Game seed: 16192446939261402568

403 cforsyth the Changeling (level 6, -2/48 HPs)
             Began as a Vampire Shapeshifter on July 19, 2023.
             Killed by divine providence
             ... invoked by an orc priest
              (14 damage)
             ... on level 4 of the Dungeon.
             The game lasted 00:05:22 (2083 turns).

cforsyth the Changeling (Vampire Shapeshifter)      Turns: 2083, Time: 00:05:23

Health: -2/48      AC: 10    Str: 16    XL:     6   Next: 55%
Magic:  6/6        EV:  5    Int: 11    God:
Gold:   144        SH:  0    Dex: 14    Spells: 5/5 levels left

rFire   . .          .
                       - Unarmed
rCold   . . .        (no shield)
rNeg    . . .        h - +0 plate armour
rPois   .            (helmet currently unavailable)
rElec   .            (cloak currently unavailable)
rCorr   .            (gloves currently unavailable)
SInv    +            (boots currently unavailable)
Will    .....        (no amulet) Stlth
                     (no ring)
HPRegen 0.48/turn    (no ring)
MPRegen 0.10/turn

%: no passive effects
@: beast-form, healing quickly
A: beast (slay +3), alive, fangs 3, see invisible, vampiric 2
a: Exsanguinate, Begin Untransformation


You were on level 4 of the Dungeon.
You were a hulking beast.
You visited 1 branch of the dungeon, and saw 4 of its levels.

You collected 144 gold pieces.

Inventory:

Missiles
 l - a throwing net
Armour
 a - a +0 animal skin
 h - a +0 plate armour (worn)
Jewellery
 n - a ring of protection from cold
 o - a ring of ice
Talismans
 c - a beast talisman
Scrolls
 d - a scroll of enchant weapon {unknown}
 g - 4 scrolls of identify {unknown}
 i - a scroll of revelation
 j - a scroll of fog {unknown}
 k - a scroll of vulnerability {unknown}
Potions
 b - 2 potions of lignification
 e - a potion of cancellation {unknown}
 f - a potion of curing {unknown}
 m - a potion of mutation {unknown}


   Skills:
 + Level 4.0 Fighting
 - Level 2.1 Dodging
 + Level 4.7 Unarmed Combat
 + Level 4.8 Shapeshifting


You had 5 spell levels left.
You didn't know any spells.
Your spell library contained the following spells:

 Spells                   Type           Power      Damage    Failure   Level
 Magic Dart               Conj           0%         1d3       100%        1
 Searing Ray              Conj           0%         2d4       100%        2
 Fulminant Prism          Conj/Hex       0%         3d5       100%        4


Dungeon Overview and Level Annotations

Branches:
Dungeon (4/15)
 Temple: D:4-7

Altars:
Hepliaklqana

Shops:
D:2 (


Innate Abilities, Weirdness & Mutations

You are a hulking beast.
Your limbs bulge with bestial killing power. (Slay +3)
Your natural rate of healing is accelerated.
You have razor-sharp teeth.
You have supernaturally acute eyesight. (SInv)
You are afflicted with vampirism and can become a bat while bloodless.


Message History

The black bear claws you but does no damage. x2
You hit the black bear.
The black bear is almost dead.
The black bear completely misses you.
The black bear claws you but does no damage. x2
An orc priest comes into view. It is wielding a +0 trident.
The orc priest shouts!
You punch the black bear!
You kill the black bear!
The endoplasm hits you but does no damage.
Your Fighting skill increases to level 4!
You hit the endoplasm. You bite the endoplasm.
The endoplasm is heavily wounded.
The endoplasm freezes you.
You are frozen.
An orc comes into view. It is wielding a +0 club.
An orc wizard comes into view. It is wielding a +0 dagger.
You barely miss the endoplasm.
The endoplasm is heavily wounded.
The orc shouts!
The orc barely misses you.
The orc priest mumbles some strange prayers to Beogh against you.
Beogh smites you!
* * * LOW HITPOINT WARNING * * *
The endoplasm freezes you.
You are frozen.
* * * LOW HITPOINT WARNING * * *
You are too injured to fight recklessly!
You are too injured to fight recklessly!
You are too injured to fight recklessly!
You are too injured to fight recklessly!
The endoplasm attacks as you move away!
The endoplasm hits you but does no damage.
An orc priest comes into view. It is wielding a +0 short sword.
As you read the scroll labelled MOHEUR ONKAGHO, it crumbles to dust.
You feel aware of your surroundings.
It was a scroll of revelation.
The orc priest shouts!
You hear a shout! x2
The orc priest mumbles some strange prayers to Beogh against you.
Beogh smites you!
You die...

,,,,**** ###<###...).' ,,,,+,,*
############.#.#.#.....# ,,,,**,*
############.....)...... **,,**,*
##...........#.#.#.....#
,*,,**,*###.#########.....#.....#
,*,,**,,........o.###.#.#.#######
,,,***,,#.......#.o..........,,,,
,*,* *,,#o.....J#####........****
,*,***,,........h.o.o........+,,,
**,,,,,,..#+#########†.......#***
,,,,,,,,..#..................*
,,,,,,,,,.#######..........##**
,,,,,,,,,...................$,*
***,,,,**########......###.#.,*
**,,,**########......# *##,,*
*,,,',########......# *,,*
*,,,*,,** *,,,,,,*****,,*


You could see 2 orc priests, an orc wizard, 2 orcs and an endoplasm.

Vanquished Creatures
  Eustachio (D:4)
  A black bear (D:4)
  A scorpion (D:4)
  A hound (D:4)
  An adder (D:3)
  2 worms (D:3)
  5 dart slugs
  6 orcs (D:3)
  6 ball pythons
  7 endoplasms
  A giant cockroach (D:1)
  3 goblins
  6 hobgoblins
  6 kobolds
  3 quokkas
  3 bats
  3 frilled lizards
  5 rats
61 creatures vanquished.

Notes
Turn   | Place    | Note
-------+----------+-------------------------------------------
     0 | D:1      | cforsyth the Vampire Shapeshifter began the quest for the
                  | Orb.
     0 | D:1      | Reached XP level 1. HP: 16/16 MP: 1/1
   249 | D:1      | Reached XP level 2. HP: 22/22 MP: 2/2
   879 | D:2      | Gained mutation: You are afflicted with vampirism and can
                  | become a bat while bloodless. [Vampire growth]
   879 | D:2      | Reached XP level 3. HP: 28/28 MP: 3/3
   915 | D:2      | Found Xawelen's Weapon Shop.
  1313 | D:3      | Found a hazy altar of Hepliaklqana.
  1670 | D:3      | Reached XP level 4. HP: 7/34 MP: 4/4
  1929 | D:4      | Noticed Eustachio
  1944 | D:4      | Killed Eustachio
  1945 | D:4      | Reached XP level 5. HP: 21/41 MP: 5/5
  1972 | D:4      | Reached XP level 6. HP: 27/48 MP: 6/6
  2083 | D:4      | Killed from afar by an orc priest

Illustrated notes

Levels and vault maps discovered:
D:1:      amcnicky_arrival_single_pillar, layout_rooms, serial_bayou,
          serial_bayou_pond_d, serial_bayou_lagoon_a, serial_bayou_shore_b,
          serial_bayou_pond_e, minmay_misc_feat_iff
D:2:      layout_loops_ring, serial_shops, shop, minmay_misc_feat_diagonals,
          grunt_ministairs_15, minmay_misc_feat_x
D:3:      layout_rooms, nicolae_overflow_hidden_temple, st_stairs_4
D:4:      layout_basic, minmay_statues_item, serial_bayou_pond_c, st_stairs_3,
          serial_bayou_pond_a, uniq_eustachio

Skill      XL: |  1  2  3  4  5  6 |
---------------+-------------------+-----
Fighting       | 2 3 4 |  4.0
Unarmed Combat | 3 4 |  4.7
Shapeshifting  | 4 |  4.8
Dodging        | |  2.1

Action                     |  1- 3 |  4- 6 || total
---------------------------+-------+-------++-------
  Melee: Unarmed           |   122 |    53 ||   175
         Bite              |    13 |     7 ||    20
         Punch             |     3 |     4 ||     7
    Use: Potion            |       |     1 ||     1
         Scroll            |       |     1 ||     1
 Armour: Plate armour      |    57 |    29 ||    86
         Animal skin       |     2 |       ||     2
  Dodge: Dodged            |    33 |     7 ||    40

Table legend: (Time is in decaauts)
 A = Elapsed time spent in this place.
 B = Non-inter-level travel time spent in this place.
 C = Inter-level travel time spent in this place.
 D = Time resting spent in this place.
 E = Time spent auto-exploring this place.
 F = Levels seen in this place.
 G = Mean time per level.
                   A        B        C        D        E       F      G
               +--------+--------+--------+--------+--------+-----+--------+
         Total |   2089 |   2044 |     45 |     31 |   1611 |   4 |  522.2 |
       Dungeon |   2089 |   2044 |     45 |     31 |   1611 |   4 |  522.2 |
               +--------+--------+--------+--------+--------+-----+--------+

Top non-repeatable levels by time:
     D:2: 702 daAuts
     D:1: 616 daAuts
     D:3: 590 daAuts
     D:4: 179 daAuts
